 Dungeon Crawl Stone Soup version 0.30-a0-591-g3c58d2bc28 (webtiles) character file.

Game seed: 10871348501303451767

6400 bande the Cleaver (level 10, -12/61 HPs)
             Began as a Gargoyle Fighter on Jan 6, 2023.
             Was an Elder of Okawaru.
             Mangled by a two-headed ogre
             ... wielding a +0 giant spiked club
              (20 damage)
             ... on level 9 of the Dungeon.
             The game lasted 00:17:17 (10377 turns).

bande the Cleaver (Gargoyle Fighter)               Turns: 10377, Time: 00:17:17

Health: -12/61     AC: 20    Str: 19    XL:     10   Next: 98%
Magic:  0/13       EV:  6    Int: 10    God:    Okawaru [****..]
Gold:   549        SH: 10    Dex: 13    Spells: 9/9 levels left

rFire   + . .      SeeInvis .    a - +1 war axe (heavy)
rCold   . . .      Faith    .    E - +0 kite shield
rNeg    + . .      Spirit   +    s - +0 chain mail
rPois   ∞          Reflect  .    (no helmet)
rElec   +          Harm     .    k - +0 cloak
rCorr   .          Rampage  .    (no gloves)
Will    .....      Clarity  +    D - +0 pair of boots Stlth
                                 h - amulet of guardian spirit
HPRegen 0.30/turn                w - ring of protection from fire
MPRegen 0.13/turn                (no ring)

@: flying
A: sickness immunity, AC +7, negative energy resistance 1, electricity
resistance, torment resistance 1, petrification resistance, big wings, clarity
a: Renounce Religion, Heroism, Finesse


You were on level 9 of the Dungeon.
You worshipped Okawaru.
Okawaru was greatly pleased with you.
You visited 2 branches of the dungeon, and saw 10 of its levels.

You collected 549 gold pieces.

Inventory:

Hand Weapons
 a - a +1 heavy war axe (weapon)
 C - a +0 scimitar of flaming
Armour
 k - a +0 cloak (worn)
 s - a +0 chain mail (worn)
 D - a +0 pair of boots (worn)
 E - a +0 kite shield (worn)
Jewellery
 h - an amulet of guardian spirit (around neck)
 w - a ring of protection from fire (left hand)
 y - an amulet of regeneration
 A - a ring of wizardry
Wands
 o - a wand of flame (43)
 v - a wand of iceblast (6)
 x - a wand of polymorph (9)
Scrolls
 i - 3 scrolls of teleportation
 z - a scroll of silence
 B - a scroll of identify
 F - a scroll of blinking
Potions
 c - 2 potions of mutation
 d - 3 potions of might
 e - a potion of ambrosia
 f - 2 potions of heal wounds
 g - 2 potions of magic {unknown}
 j - 7 potions of curing
 l - 2 potions of degeneration {unknown}
 m - a potion of resistance {unknown}
 n - a potion of invisibility {unknown}
 p - 4 potions of flight
 q - 2 potions of lignification {unknown}
 u - a potion of attraction {unknown}
 G - a potion of cancellation {unknown}


   Skills:
 + Level 6.9 Fighting
 + Level 9.1 Axes
 + Level 8.1 Armour
 - Level 0.1 Stealth
 + Level 7.1 Shields
 * Level 5.2 Invocations
 * Level 5.5 Evocations


You had 9 spell levels left.
You didn't know any spells.
Your spell library contained the following spells:

 Spells                   Type           Power      Damage    Failure   Level
 Freeze                   Ice            0%         1d3       100%        1
 Sandblast                Erth           0%         2d4       100%        1
 Passwall                 Tmut/Erth      0%         N/A       100%        2
 Frozen Ramparts          Ice            0%         1d1       100%        3
 Hailstorm                Conj/Ice       0%         3d3       100%        3
 Portal Projectile        Hex/Tloc       0%         N/A       100%        3
 Stone Arrow              Conj/Erth      0%         3d7       100%        3
 Leda's Liquefaction      Hex/Erth       0%         N/A       100%        4
 Call Canine Familiar     Summ           Unusable   N/A       N/A         3

Dungeon Overview and Level Annotations

Branches:
Dungeon (9/15)             Temple (1/1) D:7
   Lair: D:8-11         Orc: D:9-12

Altars:
Ashenzari
Cheibriados
Dithmenos
Elyvilon
Fedhas
Gozag
Hepliaklqana
Kikubaaqudgha
Makhleb
Nemelex Xobeh
Okawaru
Qazlal
Ru
Sif Muna
Trog
Uskayaw
Vehumet
Wu Jian
Xom
Zin
The Shining One

Shops:
D:6 (   D:7 *   D:9 *

Annotations:
D:5 2 transporters


Innate Abilities, Weirdness & Mutations

You are immune to sickness and miasma.
Your stone body is resilient. (AC +7)
You are immune to poison.
You resist negative energy. (rN+)
You are resistant to electric shocks. (rElec)
You are resistant to unholy torment.
You are immune to petrification.
Your large and strong wings let you fly.
You possess an exceptional clarity of mind.


Message History

The two-headed ogre barely misses you.
You hit the two-headed ogre but do no damage.
The two-headed ogre is lightly wounded.
The two-headed ogre closely misses you.
The two-headed ogre hits you but does no damage.
You hit the two-headed ogre.
The two-headed ogre is lightly wounded.
You block the two-headed ogre's attack.
The two-headed ogre hits you with a +0 giant club!!
You hit the two-headed ogre.
The two-headed ogre is lightly wounded.
The two-headed ogre hits you but does no damage.
The two-headed ogre barely misses you.
The two-headed ogre hits you with a +0 giant spiked club!
The two-headed ogre hits you but does no damage.
You are too injured to fight recklessly!
You are too injured to fight recklessly!
You are too injured to fight recklessly!
You are too injured to fight recklessly!
You are too injured to fight recklessly!
You are too injured to fight recklessly!
You are too injured to fight recklessly!
You are too injured to fight recklessly!
You hit the two-headed ogre.
The two-headed ogre is moderately wounded.
You block the two-headed ogre's attack. The two-headed ogre barely misses you.
You hit the two-headed ogre.
The two-headed ogre is moderately wounded.
The two-headed ogre hits you with a +0 giant spiked club.
The two-headed ogre hits you with a +0 giant club!
* * * LOW HITPOINT WARNING * * *
You slice the two-headed ogre!!
The two-headed ogre is severely wounded.
The two-headed ogre hits you with a +0 giant spiked club!
* * * LOW HITPOINT WARNING * * *
You block the two-headed ogre's attack.
You slash the two-headed ogre!
The two-headed ogre is almost dead.
The two-headed ogre hits you with a +0 giant spiked club!!
You die...

.♣######.####.## ##.#.# ##
..##..#..###...## #..#.#
..♣##.#.###.....## ##.##.#
P..##...##...#...## #..#..#####
...♣##.##...###...# ##..........
.♣..##.##..## ##..# #...........
####.##.##.#########.#.#.........
..)...##.##.........##.#.........
...)..##.#######@##.#............
##...##.#.##...O)# ##.#......##..
.##..##.#.##....## #..#......##..
.#..##.###.##".. ##.##...P.PP#..
....##.#.#.##)?# #..##.....P.#.#
...##.##.##.##) ##.###....P..#<.
...##.#(.[#.### #..# #........>#
#.##.###.###.# ##.## #......##..
#.##.).).....# #..# #......####


You could see a two-headed ogre.

Vanquished Creatures
  Maggie (D:9)
  2 unseen horror zombies (D:9)
  A hornet (D:8)
  2 trolls (D:9)
  Prince Ribbit (D:8)
  2 shadows (D:9)
  A vampire (D:9)
  A wraith (D:9)
  3 steam dragons
  A water moccasin (D:5)
  3 orc warriors
  A black bear (D:5)
  An ice beast (D:8)
  An ogre (D:4)
  3 sky beasts
  3 centaurs
  A kobold brigand (D:7)
  A phantom (D:5)
  A bullfrog (D:6)
  A necrophage (D:5)
  4 scorpions
  2 gnoll sergeants (D:9)
  15 wights
  A killer bee (D:9)
  A howler monkey (D:9)
  7 centaur zombies (D:9)
  6 hounds
  2 jellies (D:5)
  2 orc priests
  12 orc wizards
  An iguana (D:5)
  A killer bee zombie (D:9)
  4 howler monkey zombies (D:9)
  8 gnolls
  4 adders
  2 shadow imps
  2 ufetubi
  A worm (D:7)
  2 dart slugs (D:3)
  24 orcs
  6 endoplasms
  3 giant cockroaches
  6 goblins
  6 hobgoblins
  7 jackals (D:1)
  6 quokkas
  3 ball pythons
  3 bats
  5 frilled lizards
  11 kobolds
  5 rats
193 creatures vanquished.

Vanquished Creatures (others)
  3 withered plants (D:9)
3 creatures vanquished.

Grand Total: 196 creatures vanquished

Notes
Turn   | Place    | Note
-------+----------+-------------------------------------------
     0 | D:1      | bande the Gargoyle Fighter began the quest for the Orb.
     0 | D:1      | Reached XP level 1. HP: 14/14 MP: 1/1
    55 | D:1      | Reached XP level 2. HP: 18/19 MP: 2/2
    99 | D:1      | Reached skill level 2 in Axes
   424 | D:1      | Reached XP level 3. HP: 23/23 MP: 3/3
  1503 | D:3      | Found a broken altar of Ashenzari.
  1509 | D:3      | Reached XP level 4. HP: 28/29 MP: 4/4
  1540 | D:3      | Reached skill level 3 in Axes
  1847 | D:3      | Found a faded altar of an unknown god.
  2138 | D:3      | Reached XP level 5. HP: 33/33 MP: 5/5
  2451 | D:4      | Noticed an ogre
  2458 | D:4      | Killed an ogre
  2459 | D:4      | Reached skill level 4 in Axes
  2459 | D:4      | Reached XP level 6. HP: 13/38 MP: 6/6
  3035 | D:4      | Gained mutation: You possess an exceptional clarity of
                  | mind. [potion of mutation]
  3035 | D:4      | Gained mutation: Your large and strong wings let you fly.
                  | [potion of mutation]
  3312 | D:4      | Reached XP level 7. HP: 44/44 MP: 7/7
  3559 | D:5      | Entered Level 5 of the Dungeon
  3576 | D:5      | Reached skill level 5 in Axes
  3576 | D:5      | Reached skill level 1 in Evocations
  3838 | D:5      | Found a transporter.
  3866 | D:5      | Reached skill level 5 in Armour
  3866 | D:5      | Reached XP level 8. HP: 39/48 MP: 8/8
  3868 | D:5      | Reached skill level 6 in Axes
  3952 | D:5      | Found a transporter.
  3981 | D:5      | Found a blossoming altar of Fedhas.
  4016 | D:5      | Reached skill level 5 in Fighting
  4016 | D:5      | Reached skill level 5 in Shields
  4219 | D:5      | Found a glowing golden altar of the Shining One.
  4749 | D:6      | Found a burning altar of Makhleb.
  4771 | D:6      | Found Eloutent's Antique Weapon Shoppe.
  4898 | D:6      | Found a hide-covered altar of Uskayaw.
  5542 | D:7      | Found a staircase to the Ecumenical Temple.
  5551 | Temple   | Entered the Ecumenical Temple
  5565 | Temple   | Became a worshipper of Warmaster Okawaru
  5774 | D:8      | Reached skill level 7 in Axes
  5979 | D:8      | Reached skill level 1 in Invocations
  5979 | D:8      | Reached XP level 9. HP: 26/54 MP: 3/9
  6631 | D:7      | Found a glowing silver altar of Zin.
  6635 | D:7      | Found a sparkling altar of Nemelex Xobeh.
  6637 | D:7      | Found a radiant altar of Vehumet.
  6690 | D:7      | Found Woklext's General Store.
  6995 | D:7      | Found a snail-covered altar of Cheibriados.
  7352 | D:8      | Noticed Prince Ribbit
  7370 | D:8      | Killed Prince Ribbit
  7370 | D:8      | Reached * piety under Okawaru
  7801 | D:8      | Noticed a hornet
  7812 | D:8      | Killed a hornet
  8880 | D:9      | Reached ** piety under Okawaru
  8881 | D:9      | Reached skill level 8 in Axes
  8949 | D:9      | Reached XP level 10. HP: 58/60 MP: 10/12
  8950 | D:9      | Found Ybeutres's Neck Hole.
  9074 | D:9      | HP: 3/60 [wraith (2)]
  9079 | D:9      | HP: 3/60 [wraith (3)]
  9090 | D:9      | Noticed Maggie
  9396 | D:9      | Killed Maggie
  9571 | D:9      | Reached *** piety under Okawaru
  9572 | D:9      | Reached skill level 5 in Evocations
  9680 | D:9      | Found a stormy altar of Qazlal.
  9756 | D:9      | Found a faded altar of an unknown god.
  9756 | D:9      | Found a faded altar of an unknown god.
  9758 | D:9      | Found a hazy altar of Hepliaklqana.
 10100 | D:9      | Reached skill level 5 in Invocations
 10128 | D:9      | Reached skill level 9 in Axes
 10332 | D:9      | Reached **** piety under Okawaru
 10362 | D:9      | Noticed a two-headed ogre
 10377 | D:9      | Mangled by a two-headed ogre

Illustrated notes

Levels and vault maps discovered:
D:1:      dpeg_arrival_stonehenge_8_columns, layout_basic,
          kennysheep_small_spiral
D:2:      layout_loops_cross
D:3:      layout_basic, mainiacjoe_overflow_concentric_impassable,
          basic_ecumenical_altar
D:4:      layout_cave_pods, corexii_checkpoint_a
D:5:      gammafunk_steamed_eel, layout_basic, overflow_temple_1_default,
          nicolae_overflow_crystal_walls, kennysheep_generic_room_6
D:6:      layout_basic, mainiacjoe_overflow_six_doors_small,
          general_overflow_altar, serial_shops, shop
D:7:      layout_gridville, grunt_temple_overflow_open, cheibrodos_worm_habitat,
          minmay_temple_entry_wispy, serial_shops, kennysheep_mini
D:8:      layout_gridville, uniq_prince_ribbit1
D:9:      minmay_the_grid_triangle_9x9_rhombus_full
          [minmay_the_grid_triangle_9x9_shrine,
          minmay_the_grid_triangle_9x9_corrupted_corridor,
          minmay_the_grid_triangle_9x9_flanged_cone,
          minmay_the_grid_triangle_9x9_pentomino_pain,
          minmay_the_grid_triangle_9x9_windchime,
          minmay_the_grid_triangle_9x9_cache,
          minmay_the_grid_triangle_9x9_sprig,
          minmay_the_grid_triangle_9x9_prize_insulated], layout_basic,
          nicolae_hepliaklqana_ecumenical_no_more, mainiacjoe_overflow_chevrons,
          nicolae_qazlal_scattered_showers, serial_undead, serial_undead_f,
          serial_undead_a, serial_undead_b, serial_undead_a, serial_undead_f,
          serial_undead_a, serial_undead_e, serial_undead_c, serial_undead_b,
          serial_undead_d, nicolae_shop_sticking_my_neck_out, uniq_maggie
Temple:   hellmonk_temple_rainy

Skill      XL: |  1  2  3  4  5  6  7  8  9 10 |
---------------+-------------------------------+-----
Axes           | 2 3 4 5 7 8 9 |  9.1
Shields        | 4 5 6 7 |  7.1
Fighting       | 4 5 6 |  6.9
Armour         | 4 5 7 8 |  8.1
Evocations     | 2 3 4 5 |  5.5
Invocations    | 1 3 5 |  5.2
Stealth        | |  0.1

Action                   |  1- 3 |  4- 6 |  7- 9 | 10-12 || total
-------------------------+-------+-------+-------+-------++-------
Melee: War axe           |   145 |    81 |   321 |   150 ||   697
  Use: Scroll            |       |     9 |     5 |       ||    14
       Potion            |       |     1 |       |       ||     1
Armor: Scale mail        |    96 |    24 |       |       ||   120
       Chain mail        |       |    46 |   265 |   189 ||   500
Dodge: Dodged            |   106 |    33 |    99 |    73 ||   311
Block: Buckler           |    35 |     8 |       |       ||    43
       Kite shield       |       |    30 |   199 |   127 ||   356

Table legend: (Time is in decaauts)
 A = Elapsed time spent in this place.
 B = Non-inter-level travel time spent in this place.
 C = Inter-level travel time spent in this place.
 D = Time resting spent in this place.
 E = Time spent auto-exploring this place.
 F = Levels seen in this place.
 G = Mean time per level.
                   A        B        C        D        E       F      G
               +--------+--------+--------+--------+--------+-----+--------+
         Total |  10749 |  10543 |    206 |   3140 |   5316 |  10 | 1074.9 |
       Dungeon |  10720 |  10514 |    206 |   3140 |   5316 |   9 | 1191.1 |
        Temple |     28 |     28 |      0 |      0 |      0 |   1 |   28.0 |
               +--------+--------+--------+--------+--------+-----+--------+

Top non-repeatable levels by time:
     D:8: 2586 daAuts
     D:9: 1376 daAuts
     D:4: 1265 daAuts
     D:7: 1186 daAuts
     D:5: 959 daAuts
     D:6: 952 daAuts
     D:3: 873 daAuts
     D:1: 796 daAuts
     D:2: 722 daAuts
  Temple: 28 daAuts
